 Dungeon Crawl Stone Soup version 0.25-a0-1007-g10a8c3caa8 (webtiles) character file.

Game seed: 11379778573622810937, levelgen mode: deterministic

53 Flugslaktarn the Covered (level 3, -2/34 HPs)
             Began as a Deep Dwarf Fighter on May 11, 2020.
             Killed by divine providence
             ... invoked by an orc priest
              (11 damage)
             ... on level 3 of the Dungeon.
             The game lasted 00:00:18 (360 turns).

Flugslaktarn the Covered (Deep Dwarf Fighter)        Turns: 360, Time: 00:00:18

Health: -2/34      AC:  7    Str: 19    XL:     3   Next: 62%
Magic:  2/2        EV:  7    Int:  8    God:
Gold:   59         SH:  9    Dex: 13    Spells: 2/2 levels left

rFire    . . .     SeeInvis .   a - +0 war axe
rCold    . . .     Gourm    .   c - +0 kite shield
rNeg     . . .     Faith    .   b - +0 scale mail
rPois    .         Spirit   .   (no helmet)
rElec    .         Reflect  .   (no cloak)
rCorr    .         Harm     .   (no gloves)
MR       .....                  (no boots)
Stlth    ..........             (no amulet)
HPRegen  0.00/turn              (no ring)
MPRegen  0.08/turn              (no ring)

@: non-regenerating
A: damage resistance, heal wounds, sense surroundings 1, no regeneration
a: Heal Wounds


You were on level 3 of the Dungeon.
You were not hungry.

You visited 1 branch of the dungeon, and saw 3 of its levels.

You collected 59 gold pieces.

Inventory:

Hand Weapons
 a - a +0 war axe (weapon)
Armour
 b - a +0 scale mail (worn)
 c - a +0 kite shield (worn)
Scrolls
 f - a scroll of identify {unknown}
 g - a scroll of enchant weapon {unknown}
 h - a scroll of remove curse {unknown}
 j - a scroll of amnesia {unknown}
Potions
 d - a potion of might
 i - 2 potions of stabbing {unknown}
Comestibles
 e - 3 rations


   Skills:
 + Level 3.0 Fighting
 * Level 3.2 Axes
 + Level 3.7 Armour
 + Level 3.7 Shields


You had 2 spell levels left.
You didn't know any spells.
Your spell library was empty.

Dungeon Overview and Level Annotations

Branches:
Dungeon (3/15)

Altars:
Gozag
Qazlal


Innate Abilities, Weirdness & Mutations

You are resistant to damage.
You can heal yourself by infusing magical energy.
You passively map a small area around you.
You do not regenerate.


Message History

The orc priest hits you but does no damage.
You completely miss the orc priest.
The orc priest is severely wounded.
You block the orc priest's attack.
The orc priest hits you but does no damage.
You closely miss the orc priest.
The orc priest is severely wounded.
You block the orc priest's attack.
Your shield prevents you from hitting the orc priest.
The orc priest is severely wounded.
The orc priest invokes the aid of Beogh against you.
Beogh smites you!
* * * LOW HITPOINT WARNING * * *
You barely miss the orc priest.
The orc priest is severely wounded.
You block the orc priest's attack. The orc priest hits you.
You fail to use your ability.
The orc priest mumbles some strange prayers to Beogh against you.
Beogh smites you!
You die...

*####* * ###*
####.... , ...
####...... *
#.###....... *
#.....#..#####
#........@o..#
####.#######.....
, , ##.....## *
### ** #.8...8.#
, * , #.......###
##.#
......_.....#
#..#
.##.......#.#
#####.#### #
#.8...8.#.####
#........#
##.....##...(#
#........#


You could see an orc priest.

Vanquished Creatures
  An orc wizard (D:3)
  An ooze (D:3)
  3 orcs (D:3)
  2 bats (D:3)
  2 hobgoblins
  3 kobolds
  A frilled lizard (D:1)
  4 goblins
17 creatures vanquished.

Notes
Turn   | Place    | Note
-------+----------+-------------------------------------------
     0 | D:1      | Flugslaktarn the Deep Dwarf Fighter began the quest for the
                  | Orb.
     0 | D:1      | Reached XP level 1. HP: 20/20 MP: 1/1
   219 | D:2      | Found a stormy altar of Qazlal.
   237 | D:3      | Reached XP level 2. HP: 27/27 MP: 2/2
   323 | D:3      | Found an opulent altar of Gozag.
   342 | D:3      | Reached XP level 3. HP: 32/34 MP: 3/3
   360 | D:3      | Killed from afar by an orc priest

Illustrated notes

Levels and vault maps discovered:
D:1:      doesnt_arrival_eight_statues, layout_basic, amethyst_killhole
D:2:      layout_basic, nicolae_qazlal_general_emergency, first_ration,
          palyth_stone_intersect, minivault_5, uniq_natasha, uniq_robin
D:3:      layout_rooms, chequers_ecumenical_altar_simple,
          corexii_hall_statues_l, grunt_gozag_statues

Skill      XL: |  1  2 |
---------------+-------+-----
Fighting       | 3 |  3.0
Axes           | 3 |  3.2
Armour         | |  3.7
Shields        | |  3.7

Action                   || total
-------------------------++-------
Melee: War axe           ||    60
 Abil: Heal Wounds       ||     1
Armor: Scale mail        ||    21
Dodge: Dodged            ||    16
Block: Kite shield       ||    32

Table legend:
 A = Non-vault XP
 B = Vault XP
 C = Vault XP percentage of total XP
 D = Non-vault monster count
 E = Vault monster count
 F = Vault count percentage of total count
                 A         B        C        D         E       F
            +---------+---------+-------+---------+---------+-------
      Total |      76 |       0 |   0.0 |      17 |       0 |   0.0
            +---------+---------+-------+---------+---------+-------
        D:1 |       8 |       0 |   0.0 |       5 |       0 |   0.0
        D:3 |      68 |       0 |   0.0 |      12 |       0 |   0.0
            +---------+---------+-------+---------+---------+-------
